 Dungeon Crawl Stone Soup version 0.31-a0-963-ga325b2283a (webtiles) character file.

Game seed: 6490905312080305222

144 Azuregosa the Sneak (level 5, -1/49 HPs)
             Began as a Naga Delver on Oct 24, 2023.
             Was an Initiate of Gozag.
             Slain by Sigmund
             ... wielding a +0 scythe
              (5 damage)
             ... on level 3 of the Dungeon.
             The game lasted 00:07:50 (2843 turns).

Azuregosa the Sneak (Naga Delver)                   Turns: 2843, Time: 00:07:51

Health: -1/49      AC:  5    Str: 14    XL:     5   Next: 27%
Magic:  5/5        EV:  9    Int: 11    God:    Gozag
Gold:   100        SH:  4    Dex: 14    Spells: 4/4 levels left

rFire   + . .        a - +0 falchion
rCold   + . .        i - +0 buckler
rNeg    . . .        d - +2 robe {rC+ rF+}
rPois   +            (no helmet)
rElec   .            (no cloak)
rCorr   .            z - +0 pair of gloves
SInv    +            (no barding)
Will    .....        (no amulet)
Stlth   +++          (no ring)
HPRegen 0.28/turn    (no ring)
MPRegen 0.09/turn

%: no passive effects
@: very slow
A: AC +1, large, see invisible, deformed body, poison resistance, slowness 2,
spit poison 1, naga tail 1
a: Spit Poison, Renounce Religion, Potion Petition, Call Merchant, Bribe Branch


You were on level 3 of the Dungeon.
You worshipped Gozag.
Gozag was aware of your devotion.
You visited 1 branch of the dungeon, and saw 5 of its levels.

You collected 155 gold pieces.
You paid 55 gold pieces to Gozag.

Inventory:

Hand Weapons
 a - a +0 falchion (weapon)
 y - a +1 dagger of venom
Missiles
 q - 9 stones
 w - 6 boomerangs
Armour
 b - a +0 leather armour
 d - a +2 robe of resistance (worn)
 i - a +0 buckler (worn)
 o - a +0 chain mail of positive energy
 z - a +0 pair of gloves (worn)
Talismans
 s - a beast talisman
Wands
 g - a wand of digging (3)
Scrolls
 c - a scroll of fog
 e - a scroll of immolation {unknown}
 h - 3 scrolls of identify {unknown}
 j - a scroll of poison {unknown}
 m - a scroll of revelation
 n - 2 scrolls of teleportation {unknown}
 p - a scroll of noise {unknown}
 t - a scroll of amnesia {unknown}
Potions
 f - a potion of haste
 k - 2 potions of invisibility {unknown}
 l - a potion of mutation {unknown}
 r - a potion of degeneration {unknown}
 u - a potion of attraction {unknown}
 v - 2 potions of curing {unknown}
 x - 2 potions of enlightenment {unknown}


   Skills:
 - Level 3.0 Fighting
 + Level 5.3 Long Blades
 - Level 1.5 Dodging
 - Level 7.2 Stealth


You had 4 spell levels left.
You didn't know any spells.
Your spell library contained the following spells:

 Spells                   Type           Power      Damage    Failure   Level
 Lesser Beckoning         Tloc           0%         N/A       58%         2
 Gell's Gravitas          Tloc           0%         N/A       82%         3
 Teleport Other           Tloc           0%         N/A       82%         3


Dungeon Overview and Level Annotations

Branches:
Dungeon (5/15)
 Temple: D:4-7

Altars:
Fedhas
Gozag
Xom

Annotations:
D:3 Sigmund


Innate Abilities, Weirdness & Mutations

Your serpentine skin is tough. (AC +1)
You have supernaturally acute eyesight. (SInv)
Armour fits poorly on your strangely shaped body.
Your system is resistant to poisons. (rPois)
You cover ground very slowly.
You can spit poison.
You have a snake-like lower body.


Message History

Sigmund is lightly wounded.
Sigmund gestures at you while chanting. The magic dart hits you!
You hit Sigmund but do no damage.
Sigmund is lightly wounded.
Sigmund looks at you with fury. Sigmund barely misses you.
You hit Sigmund.
Sigmund is lightly wounded.
Sigmund hits you with a +0 scythe.
You barely miss Sigmund.
Sigmund is lightly wounded.
Okay, then.
You barely miss Sigmund.
Sigmund is lightly wounded.
Sigmund mumbles some strange words.
Sigmund flickers and vanishes for a moment.
Sigmund hits you with a +0 scythe!
* * * LOW HITPOINT WARNING * * *
You hit Sigmund but do no damage.
Sigmund is lightly wounded.
You hit Sigmund.
Sigmund is heavily wounded.
Sigmund hits you with a +0 scythe.
* * * LOW HITPOINT WARNING * * *
You hit Sigmund.
Sigmund is heavily wounded.
You block Sigmund's attack.
You hit Sigmund.
Sigmund is heavily wounded.
You hit Sigmund but do no damage.
Sigmund is heavily wounded.
Sigmund hits you with a +0 scythe.
* * * LOW HITPOINT WARNING * * *
You hit Sigmund.
Sigmund is severely wounded.
Sigmund hits you with a +0 scythe.
You die...
Sigmund begins carving another notch in his scythe.
Your body crumbles into a pile of gold.

......#.................# #.#
#####.#.##.#.#####.###..# #.#
#.#.#.##..####.# #..# #.# #
#.#..###.#.#.#.# #..# #.# #
#........##....###..### #รท# #
##...##..#............####.# #
####..#.#.............#......##
#
#.................##...........
#
#.####.####.#.@@........#######
# #.##.....##.##..........#
###.#.......#....#........#
##..#.......#[...........##
#......._.....##.##.######
#.#.#.......#.##.##.#
#.#.#.......#..#.##.#
....##.....##..#.##.#
....####.####.....#.#


You could see Sigmund (invisible).

Vanquished Creatures
  An orc wizard (D:2)
  5 adders
  5 orcs
  5 endoplasms
  3 giant cockroaches
  6 goblins
  8 hobgoblins
  6 jackals
  2 quokkas (D:1)
  6 ball pythons
  6 bats
  3 frilled lizards
  3 kobolds
  8 rats
67 creatures vanquished.

Notes
Turn   | Place    | Note
-------+----------+-------------------------------------------
     0 | D:5      | Azuregosa the Naga Delver began the quest for the Orb.
     0 | D:5      | Reached XP level 1. HP: 21/21 MP: 1/1
    39 | D:5      | Noticed a black bear
   284 | D:1      | Reached XP level 2. HP: 14/28 MP: 2/2
  1320 | D:2      | Reached XP level 3. HP: 34/34 MP: 3/3
  1691 | D:2      | Reached XP level 4. HP: 36/42 MP: 4/4
  1996 | D:3      | Found a blossoming altar of Fedhas.
  2028 | D:3      | Noticed Sigmund
  2384 | D:3      | Found a shimmering altar of Xom.
  2417 | D:2      | Reached skill level 5 in Long Blades
  2417 | D:2      | Reached XP level 5. HP: 39/49 MP: 5/5
  2547 | D:3      | Found an opulent altar of Gozag.
  2558 | D:3      | Became a worshipper of Gozag Ym Sagoz the Greedy
  2843 | D:3      | Slain by Sigmund

Illustrated notes

Levels and vault maps discovered:
D:1:      scummos_arrival_hexagon, layout_basic, dk_noncrumbling_3,
          minmay_heptomino_d4
D:2:      layout_basic
D:3:      layout_loops_ring, old_standard_altar,
          mainiacjoe_overflow_large_starburst, minmay_box_of_dots, uniq_sigmund
D:4:      layout_loops_cross, mainiacjoe_overflow_alcove_1,
          minmay_temple_entry_nine_rooms, uniq_menkaure
D:5:      layout_basic, mainiacjoe_overflow_alcove_2, serial_shops,
          nicolae_shop_behind_doors, kennysheep_donut, uniq_pikel

Skill      XL: |  1  2  3  4 |
---------------+-------------+-----
Long Blades    | 3 4 5 |  5.3
Fighting       | |  3.0
Dodging        | |  1.5
Stealth        | |  7.2

Action                     |  1- 3 |  4- 6 || total
---------------------------+-------+-------++-------
  Melee: Falchion          |   130 |   124 ||   254
    Use: Scroll            |     1 |     1 ||     2
   Stab: Sleeping          |    10 |     2 ||    12
         Distracted        |       |     1 ||     1
 Armour: Robe              |    82 |    92 ||   174
  Dodge: Dodged            |    68 |    32 ||   100
  Block: Buckler           |    23 |    30 ||    53

Table legend: (Time is in decaauts)
 A = Elapsed time spent in this place.
 B = Non-inter-level travel time spent in this place.
 C = Inter-level travel time spent in this place.
 D = Time resting spent in this place.
 E = Time spent auto-exploring this place.
 F = Levels seen in this place.
 G = Mean time per level.
                   A        B        C        D        E       F      G
               +--------+--------+--------+--------+--------+-----+--------+
         Total |   3606 |   3515 |     91 |    497 |   1987 |   5 |  721.2 |
       Dungeon |   3606 |   3515 |     91 |    497 |   1987 |   5 |  721.2 |
               +--------+--------+--------+--------+--------+-----+--------+

Top non-repeatable levels by time:
     D:3: 1262 daAuts
     D:1: 1232 daAuts
     D:2: 1010 daAuts
     D:5: 55 daAuts
     D:4: 46 daAuts
